 Dungeon Crawl Stone Soup version 0.31-a0-177-g4aa6249778 (webtiles) character file.

Game seed: 10892257620215678490

97 qw the Chopper (level 4, -1/28 HPs)
             Began as a Gargoyle Fighter on June 18, 2023.
             Slain by Ijyb
             ... wielding a +1 dagger of freezing
              (7 damage)
             ... on level 4 of the Dungeon.
             The game lasted 00:01:12 (2906 turns).

qw the Chopper (Gargoyle Fighter)                   Turns: 2906, Time: 00:01:12

Health: -1/28      AC: 12    Str: 21    XL:     4   Next: 68%
Magic:  4/4        EV:  8    Int:  9    God:
Gold:   168        SH:  5    Dex: 15    Spells: 3/3 levels left

rFire   . . .        Y - +0 war axe
rCold   . . .        c - +0 buckler
rNeg    + . .        k - +0 chain mail
rPois   inf          (no helmet)
rElec   +            (no cloak)
rCorr   .            (no gloves)
SInv    .            (no boots)
Will    .....        e - amulet of the acrobat Stlth
                     a - +6 ring of dexterity
HPRegen 0.24/turn    (no ring)
MPRegen 0.09/turn

%: acrobat
@: no status effects
A: sickness immunity, AC +3, negative energy resistance 1, electricity
resistance, torment resistance 1, petrification resistance
a: no special abilities


You were on level 4 of the Dungeon.
You visited 1 branch of the dungeon, and saw 4 of its levels.

You collected 168 gold pieces.


Innate Abilities, Weirdness & Mutations

You are immune to sickness and miasma.
Your stone body is resilient. (AC +3)
You are immune to poison.
You resist negative energy. (rN+)
You are resistant to electric shocks. (rElec)
You are resistant to unholy torment.
You are immune to petrification.


   Skills:
 - Level 3.2 Fighting
 + Level 4.0 Axes
 - Level 3.2 Armour
 - Level 1.0 Dodging
 - Level 3.2 Shields


You had 3 spell levels left.
You didn't know any spells.
Your spell library was empty.

Inventory:

Hand Weapons
 l - a +0 whip
 Y - a +0 war axe (weapon)
Armour
 c - a +0 buckler (worn)
 k - a +0 chain mail (worn)
Jewellery
 a - a +6 ring of dexterity (left hand)
 e - an amulet of the acrobat (around neck)
Scrolls
 b - a scroll of identify
Potions
 d - a potion of might
 j - a potion of ambrosia {unknown}
 m - 2 potions of enlightenment {unknown}

Dungeon Overview and Level Annotations

Branches:
Dungeon (4/15)
 Temple: D:4-7

Altars:
Cheibriados

Annotations:
D:2 1 runed translucent door, Crazy Yiuf
D:4 Ijyb


Message History

Ijyb freezes you.
You slash Ijyb!
Ijyb is moderately wounded.
You block Ijyb's attack. x2
You barely miss Ijyb.
Ijyb is moderately wounded.
Ijyb hits you with a +1 dagger of freezing!
Ijyb freezes you. Ijyb completely misses you.
2899 ||| DRINKING potion of heal wounds.
You feel much better. You block Ijyb's attack.
Ijyb hits you with a +1 dagger of freezing.
Ijyb freezes you.
You hit Ijyb but do no damage.
Ijyb is moderately wounded.
Ijyb hits you with a +1 dagger of freezing.
Ijyb freezes you.
You closely miss Ijyb.
Ijyb is moderately wounded.
Ijyb hits you with a +1 dagger of freezing.
Ijyb freezes you. Ijyb hits you but does no damage.
Ijyb hits you with a +1 dagger of freezing.
Ijyb freezes you.
You slash Ijyb!
Ijyb is heavily wounded.
Ijyb barely misses you. Ijyb hits you but does no damage.
You hit Ijyb.
Ijyb is severely wounded.
Ijyb closely misses you. You block Ijyb's attack.
You closely miss Ijyb.
Ijyb is severely wounded.
Ijyb hits you with a +1 dagger of freezing.
Ijyb freezes you. Ijyb hits you but does no damage.
You closely miss Ijyb.
Ijyb is severely wounded.
Ijyb hits you but does no damage.
You slash Ijyb!
Ijyb is almost dead.
Ijyb hits you with a +1 dagger of freezing!
You die...

### ..# #.# #.#
#############.######
......g@..$....#...#####
#############..#.#.#....
####..#.#.#.###
#........)...>#
...###..........# ~
#....######### ##.#..
#~# #...######~##
#.#.##...#~~#


You could see Ijyb (berserk).

Vanquished Creatures
  4 adders
  3 dart slugs
  7 endoplasms
  7 goblins
  6 hobgoblins
  4 jackals (D:1)
  4 kobolds (D:2)
  A quokka (D:3)
  6 ball pythons
  5 bats
  A frilled lizard (D:2)
  5 rats
53 creatures vanquished.

Notes
Turn   | Place    | Note
-------+----------+-------------------------------------------
     0 | D:1      | qw the Gargoyle Fighter began the quest for the Orb.
     0 | D:1      | Reached XP level 1. HP: 14/14 MP: 1/1
     0 | D:1      | 0 ||| qw: Version: 0.3-a-7-ge0c9b40
     0 | D:1      | 0 ||| qw: Game counter: 757
     0 | D:1      | 0 ||| qw: Always use a shield: true
     0 | D:1      | 0 ||| qw: God list: Okawaru
     0 | D:1      | 0 ||| qw: Allow faded altars: false
     0 | D:1      | 0 ||| qw: Do Orc after D:15 true
     0 | D:1      | 0 ||| qw: Do second Lair branch before Depths: true
     0 | D:1      | 0 ||| qw: Lair rune preference: random
     0 | D:1      | 0 ||| qw: Plans: Normal, Zot:1-4, Slime:5, God:TSO, Crypt,
                  | Tomb, Abyss, Pan, Hells, Win
     0 | D:1      | 0 ||| PLANNING D:1-11
    14 | D:1      | Reached skill level 2 in Axes
   149 | D:1      | Reached XP level 2. HP: 19/19 MP: 2/2
   575 | D:1      | 575 ||| Stepping ~*~*~tactically~*~*~ (stealth).
   576 | D:1      | 576 ||| Stepping ~*~*~tactically~*~*~ (stealth).
   577 | D:1      | 577 ||| Stepping ~*~*~tactically~*~*~ (stealth).
   640 | D:1      | 640 ||| DROPPING +0 club.
   768 | D:1      | Reached skill level 3 in Axes
   935 | D:1      | 935 ||| UPGRADING to +0 chain mail.
   945 | D:1      | 945 ||| DROPPING +0 scale mail.
   946 | D:1      | 946 ||| UPGRADING to amulet of the acrobat.
   951 | D:1      | 951 ||| DROPPING +6 ring of intelligence.
   952 | D:1      | 952 ||| READING scroll labelled TORHOC UGROE.
  1053 | D:1      | 1053 ||| DRINKING 2 clear potions.
  1085 | D:2      | 1085 ||| Stepping ~*~*~tactically~*~*~ (stealth).
  1086 | D:2      | 1086 ||| Stepping ~*~*~tactically~*~*~ (stealth).
  1095 | D:2      | Reached XP level 3. HP: 23/23 MP: 3/3
  1103 | D:2      | 1103 ||| Stepping ~*~*~tactically~*~*~ (stealth).
  1126 | D:2      | 1126 ||| Stepping ~*~*~tactically~*~*~ (stealth).
  1169 | D:2      | Found a snail-covered altar of Cheibriados.
  1386 | D:2      | Reached XP level 4. HP: 28/28 MP: 4/4
  1967 | D:2      | Found a runed translucent door.
  1968 | D:2      | Noticed Crazy Yiuf
  1989 | D:2      | 1989 ||| UPGRADING to +6 ring of dexterity.
  2137 | D:3      | 2137 ||| Stepping ~*~*~tactically~*~*~ (hiding).
  2348 | D:3      | Reached skill level 4 in Axes
  2446 | D:3      | Reached skill level 1 in Dodging
  2738 | D:3      | 2738 ||| READING 2 scrolls labelled JUIHUM COACSY.
  2739 | D:3      | 2739 ||| READING 2 scrolls labelled UGHECK LEOHIUP.
  2740 | D:3      | 2740 ||| READING 2 scrolls labelled ISCHAH BEFUIBB.
  2741 | D:3      | 2741 ||| READING scroll labelled ZOR HIRONADEOCRET.
  2745 | D:3      | 2745 ||| DROPPING scroll of poison.
  2746 | D:3      | 2746 ||| DROPPING scroll of revelation.
  2889 | D:4      | Noticed Ijyb
  2898 | D:4      | HP: 5/28 [Ijyb/+1 dagger of freezing (7)]
  2898 | D:4      | HP: 2/28 [Ijyb/+1 dagger of freezing (3)]
  2899 | D:4      | 2899 ||| DRINKING potion of heal wounds.
  2904 | D:4      | HP: 7/28 [Ijyb/+1 dagger of freezing (1)]
  2906 | D:4      | Slain by Ijyb

Levels and vault maps discovered:
D:1:      lightli_arrival_chessboard, layout_basic, serial_park_tiny_pond
D:2:      layout_basic, basic_altar, dreamdust_princess_bridge,
          uniq_crazy_yiuf_cottage
D:3:      layout_basic
D:4:      layout_basic, mainiacjoe_overflow_paths, st_stairs_1,
          chequers_serial_rivers_small_3, minmay_lizard_king, uniq_edmund,
          uniq_ijyb

Skill      XL: |  1  2  3  4 |
---------------+-------------+-----
Axes           | 2 3 4 |  4.0
Dodging        | 1 |  1.0
Fighting       | |  3.2
Armour         | |  3.2
Shields        | |  3.2

Action                     |  1- 3 |  4- 6 || total
---------------------------+-------+-------++-------
  Melee: War axe           |   103 |    53 ||   156
    Use: Scroll            |     1 |     4 ||     5
         Potion            |     1 |     1 ||     2
 Armour: Scale mail        |    34 |       ||    34
         Chain mail        |    16 |    18 ||    34
  Dodge: Dodged            |    31 |    18 ||    49
  Block: Buckler           |    19 |    13 ||    32

Table legend:
 A = Non-vault XP
 B = Vault XP
 C = Vault XP percentage of total XP
 D = Non-vault monster count
 E = Vault monster count
 F = Vault count percentage of total count
                 A         B        C        D         E       F
            +---------+---------+-------+---------+---------+-------
      Total |     139 |       0 |   0.0 |      53 |       0 |   0.0
            +---------+---------+-------+---------+---------+-------
        D:1 |      31 |       0 |   0.0 |      19 |       0 |   0.0
        D:2 |      57 |       0 |   0.0 |      20 |       0 |   0.0
        D:3 |      46 |       0 |   0.0 |      11 |       0 |   0.0
        D:4 |       5 |       0 |   0.0 |       3 |       0 |   0.0
            +---------+---------+-------+---------+---------+-------
